 Dungeon Crawl Stone Soup version 0.22-a0-880-gb7b0c8b (webtiles) character file.

49 Amnesiac the Skirmisher (level 3, -1/42 HPs)
             Began as an Ogre Fighter on July 30, 2018.
             Slain by a goblin (2 damage)
             ... on level 1 of the Dungeon.
             The game lasted 00:01:52 (1226 turns).

Amnesiac the Skirmisher (Ogre Fighter)              Turns: 1226, Time: 00:01:53

Health: -1/42      AC:  3    Str: 21    XL:     3   Next: 77%
Magic:  3/3        EV:  8    Int:  9    God:
Gold:   26         SH:  8    Dex:  8    Spells: 2/2 levels left

rFire    + . .     SeeInvis .   g - -2 spear (curse)
rCold    + . .     Gourm    .   c - +0 shield
rNeg     . . .     Faith    .   b - +0 robe
rPois    .         Spirit   .   (helmet restricted)
rElec    .         Reflect  .   k - scarf {rC+ rF+}
rCorr    .         Harm     .   (gloves unavailable)
MR       .....                  (boots unavailable)
Stlth    +.........             (no amulet)
HPRegen  0.14/turn              (no ring)
MPRegen  0.08/turn              (no ring)

@: lethally poisoned (-1 -> -2)
A: large, unfitting armour, tough skin 1
a: no special abilities


You were on level 1 of the Dungeon.
You were not hungry.

You visited 1 branch of the dungeon, and saw 2 of its levels.

You collected 26 gold pieces.

Inventory:

Hand Weapons
 a - a +0 trident
 g - a cursed -2 spear (weapon)
 l - a +0 hunting sling
Missiles
 h - 6 javelins (quivered)
 m - 28 stones
Armour
 b - a +0 robe (worn)
 c - a +0 shield (worn)
 k - a scarf of resistance (worn)
Scrolls
 e - a scroll of enchant armour {!r}
 i - a scroll of teleportation {!r}
 j - a scroll of identify {!r}
Potions
 d - a potion of might {!q}
Comestibles
 f - 2 rations


   Skills:
 + Level 5.0 Fighting
 - Level 2.0 Polearms
 * Level 2.3 Throwing
 - Level 2.6 Dodging
 - Level 2.6 Shields


You had 2 spell levels left.
You didn't know any spells.
Your spell library was empty.

Dungeon Overview and Level Annotations

Branches:
Dungeon (2/15)

Altars:


Innate Abilities, Weirdness & Mutations

You are too large for most types of armour.
You have tough skin. (AC +1)


Message History

The giant cockroach is severely wounded.
You feel sick. The giant cockroach barely misses you.
You closely miss the giant cockroach.
The giant cockroach is severely wounded.
You feel sick.
The giant cockroach bites you but does no damage.
You closely miss the giant cockroach.
The giant cockroach is severely wounded.
The giant cockroach closely misses you. The giant cockroach barely misses you.
You hit the giant cockroach.
You kill the giant cockroach!
You hit the jackal but do no damage.
You feel sick. The jackal bites you.
* * * LOW HITPOINT WARNING * * *
The jackal barely misses you.
You closely miss the jackal. You block the jackal's attack.
You hit the jackal but do no damage.
You feel sick. You block the jackal's attack. x2
All of the chunks of flesh in your inventory have rotted away.
You hit the jackal but do no damage.
The jackal bites you but does no damage.
Your shield prevents you from hitting the jackal.
The jackal bites you but does no damage.
You block the jackal's attack.
You hit the jackal but do no damage.
You feel sick. You block the jackal's attack.
You are too injured to fight recklessly!
You closely miss the jackal.
The jackal bites you but does no damage.
The jackal closely misses you.
You are too injured to fight recklessly!
You hit the jackal but do no damage. The jackal bites you.
* * * LOW HITPOINT WARNING * * *
You miss the jackal. The jackal barely misses you.
The jackal bites you but does no damage.
You hit the jackal.
The jackal is almost dead.
You feel sick. The jackal barely misses you.
You are too injured to fight recklessly!
You barely miss the jackal.
The jackal is almost dead.
The jackal bites you but does no damage.
The jackal barely misses you.
You are too injured to fight recklessly!
You hit the jackal.
You kill the jackal!
You are too injured to fight recklessly!
Your shield prevents you from hitting the goblin.
You feel sick. The goblin hits you but does no damage.
You are too injured to fight recklessly!
You closely miss the goblin. The goblin hits you.
* * * LOW HITPOINT WARNING * * *
You are too injured to fight recklessly!
You are too injured to fight recklessly!
You hit the goblin.
The goblin is heavily wounded.
The goblin hits you.
* * * LOW HITPOINT WARNING * * *
You are too injured to fight recklessly!
You miss the goblin.
The goblin is heavily wounded.
The goblin hits you.
* * * LOW HITPOINT WARNING * * *
The goblin hits you.
You die...

.#..#.⌠.#.......###.# #.#.#
.#≈≈#...#.........#.# #.#.#
#≈≈≈≈###≈...#.....#.# #.#.#
≈≈≈≈≈≈≈≈..........#.####.#.#
≈≈≈≈≈≈≈≈.................#.#
#≈≈≈≈###≈.....#####.######.#
.#≈≈#...#.........#.##.....#
.#..#.⌠.#.#..###.##.##.#...#
.#..#...#.......@g..##.#.#.#
#....###.........#..##.#.#.#
.............#####..##.###.##
..)..#.#...#)##.....#.......#
.....#...>...##.#s#h#########
###'###......##..h..# #.#
#......##..+..## #.#
#......#..#+#..##
###'###........##.##..##


You could see a goblin.

Vanquished Creatures
  An adder (D:1)
  2 dart slugs (D:1)
  A ball python (D:2)
  5 bats (D:1)
  A giant cockroach (D:1)
  6 goblins (D:1)
  7 hobgoblins (D:1)
  4 jackals
  2 frilled lizards
  3 rats
32 creatures vanquished.

Notes
Turn   | Place    | Note
-------+----------+-------------------------------------------
     0 | D:1      | Amnesiac the Ogre Fighter began the quest for the Orb.
     0 | D:1      | Reached XP level 1. HP: 24/24 MP: 1/1
   111 | D:1      | Reached XP level 2. HP: 14/33 MP: 2/2
   282 | D:1      | Reached skill level 1 in Throwing
   568 | D:1      | Reached XP level 3. HP: 39/40 MP: 3/3
  1204 | D:1      | Reached skill level 5 in Fighting
  1226 | D:1      | HP: 1/42 [goblin (2)]
  1226 | D:1      | Slain by a goblin

Vault maps used:
D:1:      evilmike_arrival_rings, fountainhead, grunt_decor_arrowhead

Skill      XL: |  1  2  3 |
---------------+----------+-----
Throwing       | 1 2 |  2.3
Fighting       | 5 |  5.0
Polearms       | |  2.0
Dodging        | |  2.6
Shields        | |  2.6

Action                   || total
-------------------------++-------
Melee: Trident           ||    63
       Spear             ||    71
  Use: Scroll            ||     2
 Stab: Sleeping          ||     2
  Eat: Chunk             ||     1
Armor: Robe              ||    37
Dodge: Dodged            ||    47
Block: Shield            ||    49

Table legend:
 A = Spawn XP
 B = Non-spawn XP
 C = Spawn XP percentage of total XP
 D = Spawn monster count
 E = Non-spawn monster count
 F = Spawn count percentage of total count
 G = Total turns spent on level
                    A         B        C        D         E        F      G
               +---------+---------+-------+---------+---------+-------+---------
         Total |       0 |      71 |   0.0 |       0 |      32 |   0.0 |  1226
               +---------+---------+-------+---------+---------+-------+---------
           D:1 |       0 |      65 |   0.0 |       0 |      28 |   0.0 |  1029
           D:2 |       0 |       6 |   0.0 |       0 |       4 |   0.0 |   197
               +---------+---------+-------+---------+---------+-------+---------
